 Dungeon Crawl Stone Soup version 0.22-a0-433-gd2a9cce (webtiles) character file.

27757 KristoblXynda the Cleaver (level 13, -2/109 HPs)
             Began as a Deep Dwarf Fighter on May 28, 2018.
             Was a High Priest of Makhleb.
             Slain by a sun demon (10 damage)
             ... summoned by a kobold demonologist
             ... on level 12 of the Dungeon.
             The game lasted 00:32:16 (11648 turns).

KristoblXynda the Cleaver (Deep Dwarf Fighter)     Turns: 11648, Time: 00:32:16

Health: -2/109     AC: 18    Str: 23    XL:     13   Next: 6%
Magic:  15/15      EV: 14    Int: 11    God:    Makhleb [*****.]
Gold:   586        SH: 13    Dex: 16    Spells: 12/12 levels left

rFire    . . .     SeeInvis .   a - +9 broad axe (chop)
rCold    + . .     Gourm    +   c - +0 shield
rNeg     . . .     Faith    .   b - +0 scale mail
rPois    .         Spirit   .   o - +0 helmet
rElec    .         Reflect  .   z - +2 cloak
rCorr    +         Harm     .   r - +0 pair of gloves "Geygathri" {rC+ Dex+4} (curse)
MR       +....                  n - +1 pair of boots
Stlth    ..........             u - amulet of the gourmand
HPRegen  0.00/turn              I - ring of resist corrosion (curse)
MPRegen  0.14/turn              (no ring)

@: non-regenerating
A: damage resistance, heal wounds, sense surroundings 2, no regeneration
a: Heal Wounds, Minor Destruction, Lesser Servant of Makhleb, Major Destruction,
Greater Servant of Makhleb, Renounce Religion


You were on level 12 of the Dungeon.
You worshipped Makhleb.
Makhleb was extremely pleased with you.
You were very full.

You visited 2 branches of the dungeon, and saw 13 of its levels.
You visited the Abyss 1 time.

You collected 586 gold pieces.

Inventory:

Hand Weapons
 a - a +9 broad axe of chopping (weapon)
 A - the +6 mace of Otaebb {venom, Str+7 Dex-2}
   (You found it on level 6 of the Dungeon)

   It poisons the flesh of those it strikes.
   It affects your strength (+7).
   It affects your dexterity (-2).
 O - a +3 scimitar of flaming
Missiles
 h - 2 throwing nets (quivered)
Armour
 b - a +0 scale mail (worn)
 c - a +0 shield (worn)
 i - a +1 large shield of poison resistance
 n - a +1 pair of boots (worn)
 o - a +0 helmet (worn)
 r - the cursed +0 pair of gloves "Geygathri" (worn) {rC+ Dex+4}
   (You found it on level 7 of the Dungeon)

   It affects your dexterity (+4).
   It protects you from cold.
   It has a curse placed upon it.
 z - a +2 cloak (worn)
Jewellery
 u - an amulet of the gourmand (around neck)
 I - a cursed ring of resist corrosion (left hand)
Wands
 e - a wand of digging (24)
 q - a wand of clouds (2)
 s - a wand of iceblast (10)
 E - a wand of paralysis (9)
Scrolls
 g - 3 scrolls of remove curse
 k - a scroll of enchant weapon
 l - 2 scrolls of teleportation
 p - a scroll of fog
 y - a scroll of fear
 C - a scroll of amnesia
 D - a scroll of silence
Potions
 d - a potion of might
 j - 2 potions of haste
 m - 4 potions of curing
 t - a potion of mutation
 v - 4 potions of brilliance
 w - a potion of invisibility
 x - a potion of lignification
 B - a potion of resistance
 F - a potion of agility
Miscellaneous
 H - 2 phantom mirrors
 L - a box of beasts
Comestibles
 f - 15 rations
 G - 4 chunks of flesh


   Skills:
 - Level 5.0 Fighting
 + Level 13.6 Axes
 + Level 12.6 Armour
 - Level 6.0 Dodging
 + Level 12.6 Shields
 - Level 5.1 Invocations
 + Level 6.9 Evocations


You had 12 spell levels left.
You didn't know any spells.
Your spell library contained the following spells:

 Spells                   Type           Power        Failure   Level  Hunger
 Magic Dart               Conj           #...         67%         1    ##.....
 Fireball                 Conj/Fire      #.........   100%        5    ######.
 Conjure Flame            Conj/Fire      #.......     96%         3    ####...
 Bolt of Fire             Conj/Fire      #.........   100%        6    #######
 Slow                     Hex            #.......     82%         2    ###....
 Confuse                  Hex            #.......     96%         3    ####...
 Throw Flame              Conj/Fire      #.....       82%         2    ###....
 Throw Frost              Conj/Ice       #.....       82%         2    ###....
 Mephitic Cloud           Conj/Pois/Air  #.......     96%         3    ####...
 Ring of Flames           Chrm/Fire      #.........   100%        7    #######
 Blink                    Tloc           N/A          82%         2    ###....
 Freeze                   Ice            #...         67%         1    ##.....
 Sticky Flame             Conj/Fire      #.......     100%        4    #####..
 Summon Ice Beast         Ice/Summ       #.......     100%        4    #####..
 Ozocubu's Armour         Chrm/Ice       #.......     96%         3    ####...
 Call Imp                 Summ           #.......     82%         2    ###....
 Tukima's Dance           Hex            #.......     96%         3    ####...
 Throw Icicle             Conj/Ice       #.......     100%        4    #####..
 Confusing Touch          Hex            #.....       67%         1    ##.....
 Flame Tongue             Conj/Fire      #....        67%         1    ##.....
 Ignite Poison            Fire/Tmut/Pois #.......     96%         3    ####...
 Ensorcelled Hibernation  Hex/Ice        #.....       82%         2    ###....
 Metabolic Englaciation   Hex/Ice        #.........   100%        5    ######.
 Corona                   Hex            #......      67%         1    ##.....
 Petrify                  Tmut/Erth      #.......     100%        4    #####..
 Inner Flame              Hex/Fire       #.......     96%         3    ####...
 Dazzling Spray           Conj/Hex       #.....       96%         3    ####...
 Gell's Gravitas          Tloc           #.........   96%         3    ####...
 Yara's Violent Unravell  Hex/Tmut       #.........   100%        5    ######.
 Ignition                 Fire           #.........   100%        8    #######


Dungeon Overview and Level Annotations

Branches:
Dungeon (12/15)            Temple (1/1) D:5            Lair (0/6) D:11
    Orc (0/2) D:11

Altars:
Ashenzari
Cheibriados
Dithmenos
Elyvilon
Fedhas
Gozag
Hepliaklqana
Kikubaaqudgha
Makhleb
Nemelex Xobeh
Okawaru
Qazlal
Ru
Sif Muna
Trog
Uskayaw
Vehumet
Wu Jian
Xom
Yredelemnul
Zin
The Shining One

Shops:
D:11 (


Innate Abilities, Weirdness & Mutations

You are resistant to damage.
You can heal yourself by infusing magical energy.
You passively map the area around you.
You do not regenerate.


Message History

You closely miss the sun demon. The sun demon hits you!!
* * * LOW HITPOINT WARNING * * *
You are engulfed in flames!!
* * * LOW HITPOINT WARNING * * *
The ice devil hits you but does no damage.
You block the sun demon's attack.
Okay, then.
You closely miss the kobold demonologist.
You closely miss the sun demon. You barely miss the ice devil.
You hit the kobold.
You kill the kobold!
Makhleb accepts your kill.
You feel better.
The kobold demonologist closely misses you.
You block the sun demon's attack. You block the ice devil's attack.
You closely miss the kobold demonologist.
You hit the ice devil. You barely miss the sun demon. The sun demon hits you!
* * * LOW HITPOINT WARNING * * *
You are engulfed in flames!
You die...

########################
, ,
......K@)...............
*
*#......34...#####..#####
* * #......K....# #..# *,
* #...........# #..# , *
#...........# #..# *
#...........# #..# , *
#...........# #..# * *
#...........# #..# , , *


You could see a sun demon, an ice devil, a kobold demonologist and a kobold.

Vanquished Creatures
  Erica (D:10)
  A queen ant (D:8)
  A two-headed ogre (D:11)
  4 thrashing horrors (Abyss:3)
  Nergalle (D:10)
  2 spatial maelstroms (Abyss:3)
  2 wretched stars (Abyss:3)
  2 unseen horrors (D:10)
  2 wizards (D:11)
  A deep elf mage (D:11)
  3 large abominations (Abyss:3)
  2 ugly things
  A cyclops (D:11)
  An orc sorcerer (D:11)
  An oklob plant (D:11)
  Joseph (D:7)
  Psyche (D:8)
  A demonic crawler (Abyss:3)
  An ancient zyme (Abyss:3)
  3 trolls (D:10)
  3 raiju (Abyss:3)
  Grinder (D:4)
  2 hippogriffs
  Sigmund (D:6)
  A spriggan (D:7)
  A water elemental (D:11)
  A vampire (Abyss:3)
  4 fire bats (D:9)
  20 yaks
  A small abomination (Abyss:3)
  A hungry ghost (D:10)
  A neqoxec (Abyss:3)
  A steam dragon (D:12)
  A spatial vortex (Abyss:3)
  Menkaure (D:6)
  4 soldier ants (D:8)
  Duvessa (D:7)
  A hell hound (D:9)
  2 ice beasts
  5 orc warriors
  2 sky beasts
  5 ogres
  3 phantoms
  3 necrophages
  5 centaurs
  Blork the orc (D:4)
  6 bullfrogs
  Dowan (D:7)
  8 scorpions
  5 killer bees (D:11)
  5 wights (D:9)
  4 howler monkeys
  3 electric eels (D:11)
  2 lava snakes (D:9)
  4 crimson imps
  A gnoll shaman (D:5)
  2 jellies
  5 orc priests
  A centaur skeleton (D:5)
  3 hounds
  A bullfrog skeleton (D:7)
  Crazy Yiuf (D:6)
  7 iguanas
  Natasha (thrice) (D:4)
  7 orc wizards
  33 worker ants
  A hound skeleton (D:8)
  2 worker ant zombies
  A howler monkey zombie (D:7)
  A howler monkey skeleton (D:7)
  8 gnolls
  3 adders
  A shadow imp (D:12)
  A worm (D:3)
  2 dart slugs
  7 leopard geckos
  39 orcs
  3 giant cockroaches
  12 goblins
  6 hobgoblins
  2 jackals (D:3)
  7 kobolds
  4 quokkas
  2 ball pythons (D:5)
  9 bats
  6 frilled lizards
  A leopard gecko skeleton (D:5)
  5 rats
  A fire vortex (D:9)
  5 fungi (D:6)
  12 plants (D:11)
347 creatures vanquished.

Vanquished Creatures (collateral kills)
  4 killer bees (D:11)
  An electric eel (D:11)
5 creatures vanquished.

Vanquished Creatures (others)
  A plant (D:5)
1 creature vanquished.

Grand Total: 353 creatures vanquished

Notes
Turn   | Place    | Note
-------+----------+-------------------------------------------
     0 | D:1      | KristoblXynda the Deep Dwarf Fighter began the quest for the Orb.
     0 | D:1      | Reached XP level 1. HP: 20/20 MP: 1/1
   128 | D:1      | Reached XP level 2. HP: 27/27 MP: 2/2
   236 | D:1      | Reached skill level 3 in Axes
   598 | D:1      | Reached XP level 3. HP: 29/33 MP: 3/3
   779 | D:2      | Found an iron altar of Okawaru.
  1156 | D:3      | Noticed an ogre
  1196 | D:3      | Killed an ogre
  1196 | D:3      | Reached skill level 4 in Axes
  1196 | D:3      | Reached XP level 4. HP: 11/40 MP: 4/4
  1196 | D:3      | Reached XP level 5. HP: 12/46 MP: 5/5
  1565 | D:3      | Found a faded altar of an unknown god.
  1690 | D:4      | Reached skill level 5 in Axes
  1869 | D:4      | Noticed Blork the orc
  1899 | D:4      | Killed Blork the orc
  1899 | D:4      | Reached XP level 6. HP: 23/55 MP: 6/6
  1966 | D:4      | Noticed Natasha
  1972 | D:4      | Killed Natasha
  2035 | D:4      | Noticed Natasha
  2162 | D:4      | Killed Natasha
  2162 | D:4      | Reached skill level 5 in Armour
  2162 | D:4      | Reached skill level 5 in Shields
  2181 | D:4      | Noticed Natasha
  2194 | D:4      | Killed Natasha
  2200 | D:4      | Reached skill level 6 in Axes
  2302 | D:4      | Noticed Grinder
  2325 | D:4      | Paralysed by Grinder for 3 turns
  2336 | D:4      | Killed Grinder
  2336 | D:4      | Reached XP level 7. HP: 29/61 MP: 7/7
  2529 | D:5      | Entered Level 5 of the Dungeon
  2550 | D:5      | Reached skill level 7 in Axes
  2553 | D:5      | Found an ancient bone altar of Kikubaaqudgha.
  2571 | D:5      | Found a staircase to the Ecumenical Temple.
  2726 | Temple   | Entered the Ecumenical Temple
  2801 | Temple   | Became a worshipper of Makhleb the Destroyer
  3118 | D:5      | Reached XP level 8. HP: 27/68 MP: 7/7
  3301 | D:5      | Reached skill level 8 in Axes
  3419 | D:5      | Found a stormy altar of Qazlal.
  3692 | D:6      | Found a glowing silver altar of Zin.
  3692 | D:6      | Found an opulent altar of Gozag.
  3782 | D:6      | Reached * piety under Makhleb
  4158 | D:6      | Noticed Menkaure
  4175 | D:6      | Killed Menkaure
  4175 | D:6      | Reached skill level 9 in Axes
  4209 | D:6      | Found a runed door.
  4213 | D:6      | Noticed Crazy Yiuf
  4215 | D:6      | Killed Crazy Yiuf
  4222 | D:6      | Got a dazzling mace
  4228 | D:6      | Identified the +6 mace of Otaebb {venom, Str+7 Dex-2} (You found it on level 6 of the Dungeon)
  4231 | D:6      | Reached skill level 10 in Axes
  4231 | D:6      | Gained mutation: You passively map the area around you. [Deep Dwarf growth]
  4231 | D:6      | Reached XP level 9. HP: 31/74 MP: 6/6
  4377 | D:6      | Noticed Sigmund
  4386 | D:6      | Killed Sigmund
  4692 | D:6      | Reached skill level 11 in Axes
  4913 | D:6      | Reached XP level 10. HP: 21/84 MP: 7/7
  5306 | D:7      | Noticed Dowan
  5307 | D:7      | Noticed Duvessa
  5328 | D:7      | Killed Dowan
  5328 | D:7      | Killed Duvessa
  5701 | D:7      | Got a pair of faintly humming gloves
  5891 | D:7      | Identified the cursed +0 pair of gloves "Geygathri" {rC+ Dex+4} (You found it on level 7 of the Dungeon)
  6063 | D:7      | Reached ** piety under Makhleb
  6077 | D:7      | Noticed Joseph
  6107 | D:7      | Killed Joseph
  6345 | D:7      | Reached skill level 10 in Armour
  6345 | D:7      | Reached skill level 10 in Shields
  6760 | D:8      | Noticed Psyche
  7064 | D:8      | Killed Psyche
  7206 | D:8      | Noticed a queen ant
  7225 | D:8      | Killed a queen ant
  7319 | D:8      | Reached *** piety under Makhleb
  7321 | D:8      | Reached XP level 11. HP: 65/93 MP: 8/8
  7926 | D:9      | Found an iron altar of Okawaru.
  7997 | D:9      | Reached skill level 5 in Fighting
  8634 | D:10     | Entered Level 10 of the Dungeon
  8693 | D:10     | Reached skill level 1 in Invocations
  8709 | D:10     | Reached skill level 12 in Axes
  8756 | D:10     | Killed an unseen horror
  8944 | D:10     | Killed an unseen horror
  9525 | D:10     | Reached **** piety under Makhleb
  9577 | D:10     | Noticed Erica
  9585 | D:10     | Killed Erica
  9642 | D:10     | Found a glowing golden altar of the Shining One.
  9645 | D:10     | Noticed Nergalle
  9664 | D:10     | Killed Nergalle
  9664 | D:10     | Reached skill level 5 in Invocations
  9793 | D:11     | Identified a scroll of acquirement
  9838 | D:11     | HP: 4/94 [electric eel/bolt of electricity (11)]
  9846 | D:11     | Noticed a two-headed ogre
  9858 | D:11     | Killed a two-headed ogre
  9858 | D:11     | Reached skill level 1 in Evocations
  9858 | D:11     | Reached XP level 12. HP: 25/103 MP: 12/12
 10150 | D:11     | Cast into level 3 of the Abyss (a wizard)
 10186 | Abyss:3  | Noticed a starcursed mass
 10283 | Abyss:3  | Noticed a profane servitor
 10291 | Abyss:3  | Reached skill level 13 in Axes
 10470 | Abyss:3  | Reached skill level 5 in Evocations
 10559 | D:11     | Escaped the Abyss
 10573 | D:11     | Reached ***** piety under Makhleb
 10822 | D:11     | Found a staircase to the Lair.
 10963 | D:11     | Found Janehydu's Weapon Shop.
 10969 | D:11     | Reached XP level 13. HP: 109/109 MP: 13/15
 11198 | D:11     | Found a staircase to the Orcish Mines.
 11648 | D:12     | Slain by a sun demon

Vault maps used:
D:1:      sevenhm_arrival_forest_fort_large_4
D:2:      lemuel_doored_altar
D:3:      chequers_ecumenical_altar_island
D:4:      first_ration, nicolae_zen_rock_garden, uniq_blork_the_orc,
          uniq_grinder, uniq_natasha
D:5:      grunt_qazlal_clouds, temple_doors_e, basic_altar, saegor_snake_ambush
D:6:      grunt_temple_overflow_gold_and_silver, uniq_menkaure, uniq_sigmund,
          uniq_crazy_yiuf_cottage
D:7:      the_bakery, hangedman_minor_gate_pass, uniq_duvessa, uniq_joseph
D:8:      zaba_antful_of_joy, uniq_psyche
D:9:      basic_altar, hangedman_incinerator
D:10:     basic_altar, uniq_erica, uniq_nergalle
D:11:     cheibrodos_wizards_tower, dpeg_oklobed_lair, hiddenorc1_lemuel,
          serial_shops, shop
D:12:     uniq_harold
Temple:   hc_temple_tempest_star
Abyss:3:  due_evilmike_abyss_rune_seething_liches

Skill      XL: |  1  2  3  4  5  6  7  8  9 10 11 12 |
---------------+-------------------------------------+-----
Axes           | 3 4 5 6 7 10 11 12 13 | 13.6
Armour         | 4 5 6 9 10 11 12 | 12.6
Shields        | 4 5 6 9 10 11 12 | 12.6
Dodging        | 6 |  6.0
Fighting       | 3 4 5 |  5.0
Invocations    | 5 |  5.1
Evocations     | 1 6 |  6.9

Action                   |  1- 3 |  4- 6 |  7- 9 | 10-12 | 13-15 || total
-------------------------+-------+-------+-------+-------+-------++-------
Melee: War axe           |   114 |   121 |   276 |   548 |       ||  1059
       Broad axe         |       |       |       |   233 |    46 ||   279
Throw: Throwing net      |     1 |       |       |       |       ||     1
 Abil: Heal Wounds       |       |     2 |     5 |       |     1 ||     8
Evoke: Wand              |       |       |    10 |    15 |     3 ||    28
  Use: Scroll            |     2 |     7 |     3 |    24 |     1 ||    37
       Potion            |       |     2 |     2 |     6 |       ||    10
 Stab: Paralysed         |       |       |       |     6 |       ||     6
       Confused          |       |       |       |     2 |     1 ||     3
  Eat: Chunk             |     1 |     1 |     1 |    25 |     1 ||    29
       Ration            |       |     1 |     2 |     2 |       ||     5
Armor: Scale mail        |    53 |    45 |    74 |   277 |    17 ||   466
       Skin              |       |     5 |       |       |       ||     5
Dodge: Dodged            |    30 |    38 |    55 |   286 |    13 ||   422
Block: Shield            |    56 |    56 |   114 |   540 |    37 ||   803

Table legend:
 A = Spawn XP
 B = Non-spawn XP
 C = Spawn XP percentage of total XP
 D = Spawn monster count
 E = Non-spawn monster count
 F = Spawn count percentage of total count
 G = Total turns spent on level
                    A         B        C        D         E        F      G
               +---------+---------+-------+---------+---------+-------+---------
         Total |    5461 |   31735 |  14.7 |       9 |     324 |   2.7 | 11648
               +---------+---------+-------+---------+---------+-------+---------
           D:1 |       0 |      42 |   0.0 |       0 |      24 |   0.0 |   741
           D:2 |       0 |      45 |   0.0 |       0 |      12 |   0.0 |   394
           D:3 |       0 |     146 |   0.0 |       0 |      15 |   0.0 |   487
           D:4 |       0 |     747 |   0.0 |       0 |      20 |   0.0 |   907
           D:5 |       0 |     958 |   0.0 |       0 |      25 |   0.0 |   900
           D:6 |       0 |    1217 |   0.0 |       0 |      20 |   0.0 |  1491
           D:7 |       0 |    2494 |   0.0 |       0 |      34 |   0.0 |  1540
           D:8 |       0 |    3078 |   0.0 |       0 |      37 |   0.0 |   822
           D:9 |       0 |    1876 |   0.0 |       0 |      22 |   0.0 |  1134
          D:10 |       0 |    7675 |   0.0 |       0 |      34 |   0.0 |  1118
          D:11 |       0 |    8515 |   0.0 |       0 |      63 |   0.0 |  1323
          D:12 |       0 |     841 |   0.0 |       0 |       8 |   0.0 |   164
       Abyss:3 |    5461 |    4101 |  57.1 |       9 |      10 |  47.4 |   409
               +---------+---------+-------+---------+---------+-------+---------
